 Dungeon Crawl Stone Soup version 0.31.0-11-ge490571c62 (webtiles) character file.

Game seed: 10790677615351584963

245 Aviak the Apothecary (level 6, 0/41 HPs)
             Began as a Formicid Alchemist on Feb 2, 2024.
             Slain by a mummy (11 damage)
             ... in an ossuary.
             The game lasted 00:07:03 (3660 turns).

Aviak the Apothecary (Formicid Alchemist)           Turns: 3660, Time: 00:07:04

Health: 0/41       AC:  5    Str: 14    XL:     6   Next: 32%
Magic:  12/12      EV: 12    Int: 15    God:
Gold:   178        SH:  0    Dex: 14    Spells: 7/13 levels left

rFire   . . .        e - +0 short sword
rCold   . . .        (no shield)
rNeg    . . .        a - +0 robe
rPois   .            (helmet unavailable)
rElec   .            p - +0 cloak
rCorr   .            o - +0 pair of gloves
SInv    +            j - +0 pair of boots
Will    +....        i - amulet of magic regeneration
Stlth   ++           (no ring)
HPRegen 0.26/turn    (no ring)
MPRegen 0.53/turn

%: no passive effects
@: enlightened, invisible
A: permanent stasis, dig shafts and tunnels, antennae 3, four strong arms
a: Dig


You were in an ossuary.
You visited 1 branch of the dungeon, and saw 4 of its levels.
You also visited: Ossuary.

You collected 178 gold pieces.

Inventory:

Hand Weapons
 e - a +0 short sword (weapon)
Missiles
 d - a throwing net {!f}
Armour
 a - a +0 robe (worn)
 g - a +0 kite shield
 j - a +0 pair of boots (worn)
 o - a +0 pair of gloves (worn)
 p - a +0 cloak (worn)
Jewellery
 i - an amulet of magic regeneration (around neck)
Scrolls
 k - 2 scrolls of acquirement
 m - 2 scrolls of blinking {unknown}
 n - a scroll of enchant weapon {unknown}
 s - a scroll of vulnerability {!r}
 u - a scroll of revelation
 v - a scroll of poison {unknown}
Potions
 b - a potion of magic
 l - a potion of cancellation {unknown}


   Skills:
 - Level 2.0 Dodging
 - Level 2.4 Stealth
 + Level 4.3 Spellcasting
 - Level 2.0 Conjurations
 + Level 6.4 Alchemy


You had 7 spell levels left.
You knew the following spells:

 Your Spells              Type           Power      Damage    Failure   Level
a - Sting                 Conj/Alch      60%        1d6       3%          1
b - Mercury Vapours       Alch/Air       24%        N/A       7%          2
c - Mephitic Cloud        Conj/Alch/Air  11%        N/A       17%         3

Your spell library contained the following spells:

 Spells                   Type           Power      Damage    Failure   Level
 Magic Dart               Conj           36%        1d4       8%          1
 Olgreb's Toxic Radiance  Alch           22%        N/A       12%         4
 Apportation              Tloc           6%         N/A       17%         1
 Necrotise                Necr           12%        1d4       17%         1
 Summon Small Mammal      Summ           12%        N/A       17%         1
 Momentum Strike          Conj/Tloc      12%        3d8       17%         2
 Call Imp                 Summ           6%         N/A       26%         2
 Lesser Beckoning         Tloc           6%         N/A       26%         2
 Sticky Flame             Fire/Alch      12%        2d5       43%         4
 Conjure Ball Lightning   Conj/Air       3%         3x3d6     100%        6
 Discord                  Hex            1%         N/A       100%        8
 Disjunction              Tloc           1%         N/A       100%        8
 Blink                    Tloc           Unusable   N/A       N/A         2

Dungeon Overview and Level Annotations

Branches:
Dungeon (4/15)            Ossuary (1/1)
 Temple: D:4-7

Altars:
Gozag


Innate Abilities, Weirdness & Mutations

You cannot be hasted, slowed, berserked, paralysed or teleported.
You can dig through walls and to a lower floor.
You have a pair of large antennae on your head. (SInv)
Your four strong arms can wield two-handed weapons with a shield.


Message History

The mummy barely misses you. The mummy closely misses you.
You hit the mummy but do no damage.
The mummy is severely damaged.
You barely miss the mummy. You punch the mummy.
The mummy is almost destroyed.
The mummy barely misses you. The mummy hits you but does no damage.
You barely miss the mummy.
The mummy is almost destroyed.
You hit the mummy but do no damage.
The mummy is almost destroyed.
The mummy hits you! The mummy hits you but does no damage.
You hit the mummy.
The mummy is almost destroyed.
The mummy hits you but does no damage. The mummy hits you.
It was a potion of invisibility.
You fade into invisibility!
You completely miss the mummy.
The mummy is almost destroyed.
The mummy barely misses you. The mummy hits you!
* * * LOW HITPOINT WARNING * * *
You barely miss the mummy.
The mummy is almost destroyed.
You strike the helpless mummy from behind!
You hit the mummy.
You destroy the mummy!
You hit the mummy but do no damage.
The scorpion zombie hits you but does no damage.
The mummy closely misses you.
You hit the mummy.
The mummy is moderately damaged.
The scorpion zombie barely misses you.
You barely miss the mummy.
The mummy is moderately damaged.
The mummy barely misses you.
You hit the mummy but do no damage.
The mummy is moderately damaged.
You hit the mummy.
The mummy is moderately damaged.
The mummy hits you!
You die...

###
#..######
##......#
#...∩.M.+
##....Z@#
#..######
###


You could see a mummy (unable to see you) and a scorpion zombie (unable to see
you).

Vanquished Creatures
  A scorpion (D:4)
  Jessica (D:2)
  An orc wizard (D:4)
  A mummy (Ossuary)
  A gnoll (D:1)
  2 adders
  2 ribbon worms
  3 dart slugs
  4 orcs (D:4)
  12 ball pythons
  11 endoplasms
  4 giant cockroaches
  A goblin (D:3)
  6 hobgoblins
  6 jackals
  3 quokkas
  6 bats (D:1)
  2 frilled lizards
  9 kobolds
  4 rats
80 creatures vanquished.

Notes
Turn   | Place    | Note
-------+----------+-------------------------------------------
     0 | D:1      | Aviak the Formicid Alchemist began the quest for the Orb.
     0 | D:1      | Reached XP level 1. HP: 13/13 MP: 3/3
    61 | D:1      | Reached skill level 1 in Conjurations
   255 | D:1      | Reached XP level 2. HP: 19/19 MP: 0/5
   258 | D:1      | Learned a level 2 spell: Mercury Vapours
   630 | D:1      | Reached XP level 3. HP: 24/24 MP: 2/6
  1667 | D:2      | Reached XP level 4. HP: 30/30 MP: 4/8
  1760 | D:2      | Found an opulent altar of Gozag.
  1860 | D:2      | Noticed Jessica
  1865 | D:2      | Killed Jessica
  1866 | D:2      | Reached skill level 5 in Alchemy
  1871 | D:2      | Learned a level 3 spell: Mephitic Cloud
  2075 | D:2      | Found a faded altar of an unknown god.
  2683 | D:3      | Reached XP level 5. HP: 34/35 MP: 6/10
  3325 | D:4      | Identified 2 scrolls of acquirement
  3475 | D:4      | Reached skill level 6 in Alchemy
  3475 | D:4      | Reached XP level 6. HP: 38/41 MP: 0/12
  3590 | D:4      | Found a sand-covered staircase.
  3616 | Ossuary  | Entered an ossuary
  3660 | Ossuary  | Slain by a mummy

Illustrated notes

Levels and vault maps discovered:
D:1:      mrwooster_arrival_statue_2, layout_loops_ring
D:2:      layout_basic, serial_rivers, chequers_serial_rivers_micro_b,
          chequers_serial_rivers_room_a, chequers_serial_rivers_micro_c,
          chequers_serial_rivers_small_a, chequers_serial_rivers_room_a,
          basic_altar, shapermc_ecumenical_altar_gd, minmay_box_of_dots,
          uniq_jessica
D:3:      layout_rooms, kennysheep_boxes
D:4:      layout_cave_pools, minmay_temple_entry_large_hall,
          nicolae_ossuary_entry_ruins, serial_shops, shop,
          nicolae_shop_tiny_glass, kennysheep_doodads
Ossuary:  ossuary_minmay_chase

Skill      XL: |  1  2  3  4  5 |
---------------+----------------+-----
Conjurations   | 1 2 |  2.0
Dodging        | 2 |  2.0
Spellcasting   | 3 4 |  4.3
Alchemy        | 5 6 |  6.4
Stealth        | |  2.4

Action                     |  1- 3 |  4- 6 || total
---------------------------+-------+-------++-------
  Melee: Unarmed           |     7 |       ||     7
         Short sword       |       |    61 ||    61
         Punch             |       |     2 ||     2
   Cast: Sting             |    75 |    96 ||   171
         Mercury Vapours   |       |     5 ||     5
    Use: Scroll            |       |     4 ||     4
         Potion            |       |     7 ||     7
   Stab: Invisible         |       |     1 ||     1
 Armour: Robe              |    14 |    47 ||    61
         Skin              |       |    26 ||    26
  Dodge: Dodged            |    28 |    65 ||    93
